 Dungeon Crawl Stone Soup version 0.29.1-1-gd02db6906a (webtiles) character file.

Game seed: 8894974699669520889

349 CougarLife the Chopper (level 6, -1/56 HPs)
             Began as a Minotaur Fighter on Oct 17, 2022.
             Slain by a gnoll
             ... wielding a +0 halberd
              (11 damage)
             ... on level 3 of the Dungeon.
             The game lasted 00:02:29 (2896 turns).

CougarLife the Chopper (Minotaur Fighter)           Turns: 2896, Time: 00:02:30

Health: -1/56      AC:  8    Str: 23    XL:     6   Next: 33%
Magic:  5/5        EV:  5    Int:  5    God:
Gold:   131        SH:  0    Dex:  9    Spells: 5/5 levels left

rFire   . . .      SeeInvis .   a - +0 war axe
rCold   + . .      Faith    .   c - +0 buckler
rNeg    . . .      Spirit   .   b - +0 scale mail
rPois   .          Reflect  .   (helmet restricted)
rElec   .          Harm     .   (no cloak)
rCorr   +          Rampage  .   (no gloves)
Will    .....                   o - +0 pair of boots
Stlth   ..........              (no amulet)
HPRegen 0.18/turn               l - ring of protection from cold
MPRegen 0.09/turn               s - ring of resist corrosion

@: held
A: horns 2, retaliatory headbutt
a: no special abilities


You were on level 3 of the Dungeon.
You visited 1 branch of the dungeon, and saw 3 of its levels.
You also visited: Sewer.

You collected 131 gold pieces.

Inventory:

Hand Weapons
 a - a +0 war axe (weapon)
Missiles
 z - 5 poisoned darts (quivered)
Armour
 b - a +0 scale mail (worn)
 c - a +0 buckler (worn)
 o - a +0 pair of boots (worn)
Jewellery
 l - a ring of protection from cold (left hand)
 s - a ring of resist corrosion (right hand)
Wands
 q - a wand of light (7)
Scrolls
 h - 2 scrolls of vulnerability {unknown}
 i - a scroll of poison {unknown}
 j - a scroll of blinking {unknown}
 p - a scroll of torment {unknown}
 r - a scroll of magic mapping {unknown}
 t - a scroll of enchant armour {unknown}
 u - 2 scrolls of acquirement {unknown}
 x - a scroll of teleportation {unknown}
Potions
 d - a potion of might
 e - 2 potions of lignification {unknown}
 f - a potion of haste {unknown}
 g - 2 potions of ambrosia {unknown}
 k - a potion of attraction {unknown}
 m - a potion of resistance {unknown}
 n - a potion of curing
 v - a potion of heal wounds {unknown}
 w - a potion of brilliance {unknown}
Miscellaneous
 y - a phantom mirror


   Skills:
 + Level 5.0 Fighting
 * Level 5.5 Axes
 + Level 5.0 Armour
 + Level 5.0 Shields


You had 5 spell levels left.
You didn't know any spells.
Your spell library was empty.

Dungeon Overview and Level Annotations

Branches:
Dungeon (3/15)              Sewer (visited)

Altars:
Yredelemnul


Innate Abilities, Weirdness & Mutations

You have a pair of horns on your head.
You reflexively headbutt those who attack you in melee.


Message History

There are monsters nearby! 2 gnolls come into view.
The gnoll shouts! x2
The bat hits you but does no damage.
You hit the gnoll. You headbutt the gnoll.
The gnoll is heavily wounded.
The bat hits you but does no damage. The gnoll hits you but does no damage.
The gnoll hits you with a +0 halberd.
You barely miss the gnoll.
The gnoll is heavily wounded.
You barely miss the bat. The bat hits you but does no damage.
The gnoll hits you from afar with a +0 spear.
The gnoll hits you but does no damage. The bat hits you but does no damage.
The bat hits you. The gnoll hits you with a +0 halberd.
The gnoll attacks as you move away! The gnoll hits you with a +0 halberd.
The gnoll throws a throwing net.
The throwing net hits you.
You become entangled in the net!
The gnoll barely misses you. The bat barely misses you.
You furiously retaliate!
You headbutt the bat!
You kill the bat!
There is an open door here.
You see here a throwing net.
You struggle against the net.
The gnoll hits you but does no damage.
The gnoll hits you from afar with a +0 halberd!
You tear a large gash into the net.
The gnoll closely misses you. x2
The gnoll hits you from afar with a +0 halberd.
You shred the net and break free!
The gnoll hits you from afar with a +0 halberd.
The gnoll throws a throwing net.
The throwing net hits you.
You become entangled in the net!
The gnoll barely misses you. The gnoll hits you but does no damage.
You struggle against the net.
The gnoll hits you from afar with a +0 halberd.
The gnoll hits you from afar with a +0 spear.
* * * LOW HITPOINT WARNING * * *
The gnoll hits you with a +0 whip!
* * * LOW HITPOINT WARNING * * *
The gnoll hits you but does no damage.
You tear a large gash into the net.
The gnoll hits you from afar with a +0 halberd!
You die...

#########. #.........
#......... #.........
##### #......... #...#
#.g.......
#.#)###########gg.......
#.#...........@.g.......
#.#############.........
#.##.....# #.........
#.##...#.# #.........
#.####.#.# ##########
#.....)..# #.#
##.###.### #.# ###.# #.#
#.# #...# #.# #.#


You could see 4 gnolls.

Vanquished Creatures
  Sigmund (D:2)
  A water moccasin (Sewer)
  Robin (D:2)
  2 worms (D:3)
  A dart slug (D:3)
  6 bats
  4 endoplasms
  A giant cockroach (D:3)
  16 goblins
  6 hobgoblins
  2 jackals (Sewer)
  5 quokkas
  4 ball pythons
  2 frilled lizards
  3 kobolds
  3 rats
58 creatures vanquished.

Notes
Turn   | Place    | Note
-------+----------+-------------------------------------------
     0 | D:1      | CougarLife the Minotaur Fighter began the quest for the
                  | Orb.
     0 | D:1      | Reached XP level 1. HP: 19/19 MP: 0/0
   400 | D:1      | Reached XP level 2. HP: 27/27 MP: 1/1
   998 | D:1      | Found a faded altar of an unknown god.
  1402 | D:2      | Noticed Robin
  1405 | D:2      | Reached XP level 3. HP: 33/33 MP: 2/2
  1420 | D:2      | Killed Robin
  2209 | D:2      | Noticed Sigmund
  2224 | D:2      | Killed Sigmund
  2225 | D:2      | Reached XP level 4. HP: 36/41 MP: 3/3
  2225 | D:2      | Reached XP level 5. HP: 42/47 MP: 4/4
  2376 | D:3      | Found a basalt altar of Yredelemnul.
  2405 | D:3      | Reached skill level 5 in Axes
  2493 | D:3      | Found a glowing drain.
  2517 | Sewer    | Entered a sewer
  2618 | Sewer    | Noticed a water moccasin
  2623 | Sewer    | Killed a water moccasin
  2624 | Sewer    | Reached skill level 5 in Armour
  2624 | Sewer    | Reached skill level 5 in Shields
  2624 | Sewer    | Reached XP level 6. HP: 34/55 MP: 5/5
  2872 | D:3      | Reached skill level 5 in Fighting
  2896 | D:3      | Slain by a gnoll

Illustrated notes

Levels and vault maps discovered:
D:1:      matt_arrival_refuge, layout_loops_ring,
          hellmonk_ecumenical_altar_zigzags
D:2:      layout_loops_corners, uniq_sigmund, uniq_robin
D:3:      layout_basic, yredelemnul_altar_generic, marbit_many_paths,
          cheibrodos_sewer_entry_bend, chequers_serial_rivers_small_b,
          uniq_jessica, uniq_grinder

Skill      XL: |  1  2  3  4  5  6 |
---------------+-------------------+-----
Axes           | 3 4 5 |  5.5
Fighting       | 4 5 |  5.0
Armour         | 4 5 |  5.0
Shields        | 4 5 |  5.0

Action                   |  1- 3 |  4- 6 || total
-------------------------+-------+-------++-------
Melee: War axe           |   101 |    32 ||   133
       Headbutt          |    14 |     2 ||    16
  Use: Potion            |       |     1 ||     1
Armor: Scale mail        |    51 |    21 ||    72
Dodge: Dodged            |    49 |    20 ||    69
Block: Buckler           |    22 |    11 ||    33
